 Dungeon Crawl Stone Soup version 0.17.1-3-g152610e (webtiles) character file.

137 gjeerbe the Sneak (level 5, 0/39 HPs)
             Began as a Vampire Assassin on Feb 22, 2016.
             Succumbed to a worker ant's poison
             ... on level 4 of the Dungeon.
             The game lasted 01:01:55 (4494 turns).

gjeerbe the Sneak (Vampire Assassin)                Turns: 4494, Time: 01:01:55

Health: 0/39       AC: 12    Str: 10    XL:     5   Next: 0%
Magic:  5/5        EV: 11    Int: 14    God:
Gold:   57         SH:  0    Dex: 16    Spells: 0 memorised, 4 levels left

rFire  . . .     SeeInvis +     k - +2 dagger (protect)
rCold  + . .     Clarity  .     H - +0 ring mail
rNeg   + + .     SustAt   .     (no shield)
rPois  +         Gourm    .     N - +0 helmet
rElec  .         Spirit   .     d - +0 cloak
rCorr  .         Warding  .     (no gloves)
rMut   .         Stasis   .     (no boots)
MR     .....                    (no amulet)
Stlth  +++.......               (no ring)
                                (no ring)

@: lethally poisoned (0 -> -6), regenerating slowly, not resistant to hostile
enchantments, fairly stealthy
A: fangs 3, see invisible, unbreathing
a: Bat Form


You were on level 4 of the Dungeon.
You were thirsty.

You visited 1 branch of the dungeon, and saw 4 of its levels.

You collected 57 gold pieces.

Inventory:

Hand Weapons
 a - a +2 dagger
 b - a +0 blowgun
 h - a +0 mace
 i - a +0 hunting sling
 j - a +0 club
 k - a +2 dagger of protection (weapon)
 r - a +0 dagger
 u - a cursed -1 dagger
 x - a +0 hunting sling
 B - a +0 club
 I - a +0 dagger
 O - a +0 club
 S - a +0 flail
Missiles
 e - 34 poisoned needles (quivered)
 f - 2 curare-tipped needles
 m - 45 stones
 s - 7 javelins
 w - 16 bolts
 z - 2 needles of paralysis
Armour
 c - a +0 robe
 d - a +0 cloak (worn)
 o - a +0 robe
 p - a +0 shield
 q - a +0 large shield
 y - a +0 robe
 H - a +0 ring mail (worn)
 J - a +0 ring mail
 L - a +0 robe
 M - a +0 robe
 N - a +0 helmet (worn)
Jewellery
 P - a cursed -3 ring of dexterity {unknown}
Scrolls
 l - 2 scrolls of recharging {unknown}
 t - a scroll of amnesia {unknown}
 v - 2 scrolls of noise {unknown}
 C - 3 scrolls of teleportation {unknown}
 G - 2 scrolls of remove curse {unknown}
 K - a scroll of identify {unknown}
 Q - 2 scrolls of enchant armour {unknown}
Potions
 g - 3 potions of blood
 n - a potion of might {unknown}
 A - 2 potions of curing {unknown}
 E - 3 potions of agility {unknown}
 F - a potion of cancellation {unknown}
 R - a potion of invisibility {unknown}
Comestibles
 D - a meat ration


   Skills:
 + Level 2.3 Fighting
 * Level 3.2 Short Blades
 + Level 2.4 Throwing
 - Level 0.8 Armour
 * Level 2.3 Dodging
 * Level 6.5 Stealth


You had 4 spell levels left.
You didn't know any spells.

Dungeon Overview and Level Annotations

Branches:
Dungeon (4/15)
 Temple: D:4-7

Altars:


Innate Abilities, Weirdness & Mutations

You heal slowly.
You have razor-sharp teeth.
You have supernaturally acute eyesight.
You can survive without breathing.


Message History

The worker ant is moderately wounded.
You feel sick. The worker ant closely misses you.
The gnoll hits you but does no damage.
You hit the worker ant but do no damage.
The worker ant is moderately wounded.
The worker ant bites you but does no damage.
The worker ant bites you.
* * * LOW HITPOINT WARNING * * *
You feel sick. The gnoll hits you but does no damage. The worker ant bites you.
* * * LOW HITPOINT WARNING * * *
The gnoll misses you.
* * * LOW HITPOINT WARNING * * *
You feel sick. The gnoll closely misses you. The worker ant closely misses you.
* * * LOW HITPOINT WARNING * * *
You feel sick.
The worker ant bites you but does no damage.
The gnoll hits you from afar with a spear.
* * * LOW HITPOINT WARNING * * *
The worker ant bites you but does no damage.
You die...

#...........#
#.#
####.########
#.# #.######
#.# #......#
######.####...
#..g.......
#a#.####...
#.#.# #@#.#
#.#.# #.#.#
....# ...##
..... ....#
.#####


You could see a worker ant.

Vanquished Creatures
  A hound (D:4)
  A centaur skeleton (D:4)
  A gnoll (D:4)
  An adder (D:2)
  An ooze (D:2)
  A worm (D:2)
  A giant gecko (D:1)
  9 goblins
  7 hobgoblins
  5 jackals (D:2)
  A quokka (D:2)
  A ball python (D:2)
  8 bats
  4 giant cockroaches
  A giant newt (D:1)
  4 kobolds
  3 rats
50 creatures vanquished.

Vanquished Creatures (others)
  An ooze (D:1)
1 creature vanquished.

Grand Total: 51 creatures vanquished

Notes
Turn   | Place    | Note
--------------------------------------------------------------
     0 | D:1      | gjeerbe the Vampire Assassin began the quest for the Orb.
     0 | D:1      | Reached XP level 1. HP: 16/16 MP: 1/1
   480 | D:1      | Reached XP level 2. HP: 19/22 MP: 2/2
  1773 | D:2      | Reached skill level 6 in Stealth
  1781 | D:2      | Reached XP level 3. HP: 19/27 MP: 3/3
  3480 | D:2      | Reached XP level 4. HP: 33/33 MP: 1/4
  3713 | D:2      | You fall through a shaft!
  4230 | D:4      | Reached XP level 5. HP: 37/39 MP: 5/5
  4492 | D:4      | HP: 1/39 [gnoll/spear (3)]
  4494 | D:4      | Succumbed to a worker ant's poison

Action                   |  1- 3 |  4- 6 || total
-------------------------+-------+-------++-------
Melee: Dagger            |   137 |    45 ||   182
 Fire: Blowgun           |     3 |       ||     3
       Hunting sling     |     1 |       ||     1
 Abil: End Transformatio |     1 |       ||     1
       Bat Form          |     1 |       ||     1
  Use: Potion            |     1 |     2 ||     3
 Stab: Sleeping          |     9 |     1 ||    10
  Eat: Corpse            |     7 |       ||     7
